Map: Site Delta LE

Players

NoWorries

  • Race: Protoss Protoss
  • League: Gold
  • Spawn Location: 5:00

ohmygodism - Winner!

  • Race: Terran Terran
  • Spawn Location: 11:00

VOD

Have the link to the VOD?

Description

Time

  • Played on: March 26, 2024, 11:35 p.m.
  • Length: 2:46
Show
View Real Time Build Order
Export as new Build Order

NoWorries Protoss 

Build Orders: Cannon Rush 

Get SALT Encoding   

  12  0:01  Probe  
  13  0:13  Probe (Chrono Boost)  
  14  0:25  Probe (Chrono Boost)  
  15  0:34  Pylon  
  15  0:52  Probe  
  16  0:57  Forge  
  16  1:05  Probe  
  16  1:06  Assimilator  
  17  1:15  Pylon  
  17  1:17  Probe  
  17  1:29  Probe  
  18  1:34  Pylon  
  18  1:44  Probe  
  19  1:53  Photon Cannon  
  19  1:54  Photon Cannon  
  19  1:57  Photon Cannon  
Show
View Real Time Build Order
Export as new Build Order

ohmygodism Terran - Winner!

Build Orders:  

Get SALT Encoding   

  12  0:01  SCV  
  13  0:13  SCV  
  14  0:21  Supply Depot  
  14  0:25  SCV  
  15  0:43  SCV  
  15  0:44  Barracks  
  15  0:46  Refinery  
  16  0:55  SCV  
  17  1:03  Barracks  
  17  1:29  Supply Depot  
  17  1:31  Marine  
  18  1:36  SCV  
  18  1:38  Engineering Bay  
  19  1:48  SCV  
  20  1:56  Refinery  
  20  2:00  Marine x2  
  22  2:03  Bunker  
  22  2:13  Factory  
Tags
 
League
Gold
Matchup
PvT
Spawn Locations
Cross Positions
Add a new tag
Caveats
  • Supply blocks, unpowered buildings, or Contaminate may cause inaccurate times.
  • Supply counts are checked every 10 seconds.